 Dungeon Crawl Stone Soup version 0.26.1-11-gd32895ea62 (webtiles) character file.

Game seed: 10901023681873532708

541 eooof the Skirmisher (level 7, -1/64 HPs)
             Began as a Black Draconian Monk on May 25, 2021.
             Was a Believer of Sif Muna.
             Shot with an arrow by a centaur (4 damage)
             ... on level 6 of the Dungeon.
             The game lasted 00:17:41 (2140 turns).

eooof the Skirmisher (Black Draconian Monk)         Turns: 2140, Time: 00:17:42

Health: -1/64      AC:  6    Str: 12 (15) XL:     7   Next: 5%
Magic:  7/7        EV: 12    Int:  7 (10) God:    Sif Muna [**....]
Gold:   156        SH:  0    Dex: 11 (14) Spells: 6/6 levels left

rFire    . . .     SeeInvis .   m - +0 long sword
rCold    . . .     Faith    .   (no shield)
rNeg     . . .     Spirit   .   (armour unavailable)
rPois    .         Reflect  .   (helmet restricted)
rElec    +         Harm     .   (no cloak)
rCorr    .         Rampage  .   (no gloves)
Will     .....                  (no boots)
Stlth    +++.......             (no amulet)
HPRegen  0.20/turn              k - ring of stealth (curse)
MPRegen  0.10/turn              (no ring)

@: no status effects
A: breathe lightning, unfitting armour, electricity resistance, cold-blooded, AC
+6
a: Breathe Lightning, Renounce Religion, Channel Magic


You were on level 6 of the Dungeon.
You worshipped Sif Muna.
Sif Muna was pleased with you.
You visited 1 branch of the dungeon, and saw 6 of its levels.

You collected 156 gold pieces.

Inventory:

Hand Weapons
 a - a +0 falchion
 c - a +0 mace of holy wrath
 h - a -2 falchion
 m - a +0 long sword (weapon)
Missiles
 b - an atropa-tipped dart (quivered)
Jewellery
 k - a cursed ring of stealth (left hand)
Wands
 i - a wand of polymorph (24)
Scrolls
 d - a scroll of immolation {unknown}
 e - a scroll of fog
 f - a scroll of noise {unknown}
 j - 2 scrolls of teleportation
 n - a scroll of magic mapping
 p - 2 scrolls of remove curse


   Skills:
 + Level 6.6 Fighting
 + Level 6.1 Long Blades
 - Level 2.6 Dodging
 - Level 1.7 Stealth


You had 6 spell levels left.
You didn't know any spells.
Your spell library was empty.

Dungeon Overview and Level Annotations

Branches:
Dungeon (6/15)
 Temple: D:4-7

Altars:
Qazlal
Sif Muna
Vehumet


Innate Abilities, Weirdness & Mutations

You can breathe wild blasts of lightning.
Your glossy black scales are hard. (AC +6)
You cannot fit into any form of body armour.
You are resistant to electric shocks. (rElec)
You are cold-blooded and may be slowed by cold attacks.


Message History

You hit the quokka.
The quokka is almost dead.
The quokka barely misses you.
You riposte.
You slash the quokka!
You kill the quokka!
Sif Muna accepts your kill.
You hear the slow hiss of a very distant avalanche of sand.
You hear the slow hiss of a very distant avalanche of sand.
A centaur comes into view.
The centaur wields a +2 shortbow of flaming.
It bursts into flame!
The centaur shoots an arrow.
The arrow hits you!
* * * LOW HITPOINT WARNING * * *
The arrow burns you!
* * * LOW HITPOINT WARNING * * *
You see here an arrow.
The centaur shoots an arrow.
The arrow hits you.
* * * LOW HITPOINT WARNING * * *
The arrow burns you.
* * * LOW HITPOINT WARNING * * *
The centaur shoots an arrow.
The arrow hits you.
You die...

#.........#
#.............
#.............
#.............
#.............
#.............
#..........#
#..........#..
#.....@....'..
#...(......#..
#..........#
#..........#
#..........#
#..........#
#..........#
#....c.....#
#..........#


You could see a centaur.

Vanquished Creatures
  Sigmund (D:5)
  An ogre (D:4)
  2 hounds
  2 bullfrog skeletons (D:5)
  2 worker ants
  2 adders
  2 oozes
  An adder skeleton (D:4)
  2 worms
  A dart slug (D:2)
  3 leopard geckos
  4 orcs (D:3)
  2 ball pythons
  2 giant cockroaches (D:1)
  9 goblins
  11 hobgoblins
  10 jackals
  2 quokkas (D:6)
  4 bats
  3 frilled lizards
  7 kobolds
  11 rats
84 creatures vanquished.

Notes
Turn   | Place    | Note
-------+----------+-------------------------------------------
     0 | D:1      | eooof the Draconian Monk began the quest for the Orb.
     0 | D:1      | Reached XP level 1. HP: 19/19 MP: 1/1
   113 | D:1      | Reached XP level 2. HP: 20/26 MP: 2/2
   572 | D:2      | Reached XP level 3. HP: 33/33 MP: 3/3
   943 | D:3      | Found a shimmering blue altar of Sif Muna.
   952 | D:3      | Reached XP level 4. HP: 34/41 MP: 4/4
   955 | D:3      | Found a stormy altar of Qazlal.
  1037 | D:3      | Became a worshipper of Sif Muna the Loreminder
  1037 | D:3      | Reached * piety under Sif Muna
  1037 | D:3      | Reached ** piety under Sif Muna
  1456 | D:4      | Noticed an ogre
  1468 | D:4      | Killed an ogre
  1469 | D:4      | Reached skill level 5 in Fighting
  1469 | D:4      | Reached XP level 5. HP: 9/48 MP: 5/5
  1578 | D:4      | Reached skill level 5 in Long Blades
  1584 | D:4      | HP: 1/48 [hound (2)]
  1715 | D:5      | Entered Level 5 of the Dungeon
  1766 | D:5      | Reached XP level 6. HP: 30/57 MP: 6/6
  1824 | D:5      | Noticed Sigmund
  1839 | D:5      | Killed Sigmund
  1841 | D:5      | Found a radiant altar of Vehumet.
  1972 | D:5      | Your scales start taking on a glossy black colour.
  1972 | D:5      | Reached XP level 7. HP: 22/64 MP: 7/7
  1972 | D:5      | Gained mutation: You are resistant to electric shocks.
                  | (rElec) [Black Draconian growth]
  2140 | D:6      | HP: 3/64 [centaur/arrow (2)]
  2140 | D:6      | Shot with an arrow by a centaur

Illustrated notes

Levels and vault maps discovered:
D:1:      amcnicky_arrival_double_pillar, layout_basic
D:2:      layout_loops_cross
D:3:      corexii_shack_village, layout_rooms, minitemple,
          minmay_fractal_squares_gapless_5
D:4:      layout_basic, dk_rats_in_the_wall, uniq_grinder
D:5:      layout_basic, lemuel_doored_altar, minmay_temple_entry_crystal_x,
          uniq_sigmund
D:6:      layout_gridville, lightli_ossuary_entry_decrepit_ruins, basic_altar

Skill      XL: |  1  2  3  4  5  6 |
---------------+-------------------+-----
Fighting       | 4 5 6 |  6.6
Long Blades    | 4 5 6 |  6.1
Dodging        | |  2.6
Stealth        | |  1.7

Action                   |  1- 3 |  4- 6 |  7- 9 || total
-------------------------+-------+-------+-------++-------
Melee: Falchion          |   118 |    74 |       ||   192
       Tailslap          |    22 |    24 |     2 ||    48
       Mace              |     6 |       |       ||     6
       Long sword        |       |    46 |    12 ||    58
Throw: Dart              |       |       |     5 ||     5
 Abil: Breathe Lightning |       |       |     1 ||     1
  Use: Scroll            |     5 |     2 |       ||     7
       Potion            |       |     6 |       ||     6
 Stab: Sleeping          |     3 |     3 |       ||     6
Armor: Skin              |    31 |    43 |     2 ||    76
Dodge: Dodged            |   139 |   124 |    11 ||   274
       Rpst.: Falchion   |    32 |    32 |       ||    64
       Long sword        |       |    14 |     4 ||    18
